 Dungeon Crawl Stone Soup version 0.28-a0-317-g21599a725c (webtiles) character file.

Game seed: 10083965482085466911

41 McIrco the Cutter (level 3, 0/34 HPs)
             Began as a Kobold Berserker on Sept 1, 2021.
             Was a Follower of Trog.
             Succumbed to an adder's poison
             ... on level 2 of the Dungeon.
             The game lasted 00:01:08 (2305 turns).

McIrco the Cutter (Kobold Berserker)                Turns: 2305, Time: 00:01:08

Health: 0/34       AC:  2    Str: 15    XL:     3   Next: 75%
Magic:  3/3        EV: 15    Int:  8    God:    Trog [*.....]
Gold:   65         SH:  0    Dex: 14    Spells: 2/2 levels left

rFire   . . .      SeeInvis .   a - +0 short sword
rCold   . . .      Faith    .   (shield restricted)
rNeg    . . .      Spirit   .   b - +0 animal skin
rPois   .          Reflect  .   (no helmet)
rElec   .          Harm     .   (no cloak)
rCorr   .          Rampage  .   (no gloves)
Will    .....                   (no boots)
Stlth   ..........              (no amulet)
HPRegen 0.11/turn               (no ring)
MPRegen 0.08/turn               (no ring)

@: berserking, lethally poisoned (0 -> -1), very quick
A: small, no large weapons, nightstalker 3
a: Renounce Religion, Berserk


You were on level 2 of the Dungeon.
You worshipped Trog.
Trog was aware of your devotion.
You visited 1 branch of the dungeon, and saw 2 of its levels.

You collected 65 gold pieces.

Inventory:

Hand Weapons
 a - a +0 short sword (weapon)
Armour
 b - a +0 animal skin (worn)
Scrolls
 f - 2 scrolls of identify {unknown}
 h - a scroll of enchant armour {unknown}
 j - a scroll of fog {unknown}
Potions
 d - a potion of curing {unknown}
 e - a potion of attraction {unknown}
 g - a potion of ambrosia {unknown}
 i - a potion of haste {unknown}
 k - a potion of mutation {unknown}


   Skills:
 + Level 3.6 Fighting
 + Level 5.1 Short Blades
 + Level 1.6 Armour
 + Level 3.0 Dodging
 + Level 0.6 Stealth


You had 2 spell levels left.
You didn't know any spells.
Your spell library was empty.

Dungeon Overview and Level Annotations

Branches:
Dungeon (2/15)

Altars:
Makhleb


Innate Abilities, Weirdness & Mutations

You are small and have problems with some larger weapons.
You are completely attuned to the shadows.


Message History

You miss the adder.
The adder is lightly wounded.
You feel sick. The adder misses you.
You miss the adder.
The adder is lightly wounded.
You feel sick. The adder bites you. x2
You closely miss the adder.
The adder is lightly wounded.
You feel sick. The adder misses you.
You hit the adder.
The adder is heavily wounded.
You feel sick. The adder bites you.
* * * LOW HITPOINT WARNING * * *
You hit the adder.
The adder is almost dead.
* * * LOW HITPOINT WARNING * * *
You feel sick. The adder barely misses you.
Okay, then.
Unknown command.
Okay, then.
Unknown command.
It was a potion of berserk rage.
A red film seems to cover your vision as you go berserk!
You feel yourself moving faster!
You feel mighty!
* * * LOW HITPOINT WARNING * * *
You feel sick. The adder closely misses you.
Unknown command.
Unknown command.
You are too berserk!
You closely miss the adder.
The adder is almost dead.
* * * LOW HITPOINT WARNING * * *
You feel sick. The adder closely misses you.
You closely miss the adder.
The adder is almost dead.
The adder misses you.
You puncture the adder!
You kill the adder!
Trog accepts your kill.
You die...

#######
#.#
#.....#
#.#
#.###.#
#.# #.#
#.####.#
#.#
#.....|#
#.#
########
#.####
#....#
####@#
#.# #.#
..# #.#


There were no monsters in sight!

Vanquished Creatures
  2 adders (D:2)
  A dart slug (D:1)
  4 endoplasms (D:1)
  3 giant cockroaches (D:1)
  4 hobgoblins
  3 jackals (D:1)
  A quokka (D:2)
  5 ball pythons
  3 bats (D:1)
  A frilled lizard (D:1)
  A kobold (D:1)
28 creatures vanquished.

Notes
Turn   | Place    | Note
-------+----------+-------------------------------------------
     0 | D:1      | McIrco the Kobold Berserker began the quest for the Orb.
     0 | D:1      | Reached XP level 1. HP: 14/14 MP: 1/1
   442 | D:1      | Reached XP level 2. HP: 19/19 MP: 2/2
   905 | D:1      | Reached XP level 3. HP: 23/23 MP: 3/3
  1069 | D:1      | Reached skill level 5 in Short Blades
  1649 | D:2      | Found a burning altar of Makhleb.
  2301 | D:2      | HP: 1/23 [poisoned by an adder]
  2305 | D:2      | Succumbed to an adder's poison

Illustrated notes

Levels and vault maps discovered:
D:1:      zaba_arrival_water, layout_basic, feat_on_display
D:2:      layout_basic, basic_altar, palyth_stone_intersect,
          kennysheep_pointless_box

Skill      XL: |  1  2  3 |
---------------+----------+-----
Short Blades   | 5 |  5.1
Dodging        | 3 |  3.0
Fighting       | |  3.6
Armour         | |  1.6
Stealth        | |  0.6

Action                   || total
-------------------------++-------
Melee: Short sword       ||   116
Invok: Berserk           ||     3
  Use: Potion            ||     1
 Stab: Sleeping          ||     6
Armor: Animal skin       ||    12
Dodge: Dodged            ||    89

Table legend: (Time is in decaauts)
 A = Elapsed time spent in this place.
 B = Non-inter-level travel time spent in this place.
 C = Inter-level travel time spent in this place.
 D = Time resting spent in this place.
 E = Time spent auto-exploring this place.
 F = Levels seen in this place.
 G = Mean time per level.
                   A        B        C        D        E       F      G
               +--------+--------+--------+--------+--------+-----+--------+
         Total |   2352 |   2292 |     60 |    308 |   1789 |   2 | 1176.0 |
       Dungeon |   2352 |   2292 |     60 |    308 |   1789 |   2 | 1176.0 |
               +--------+--------+--------+--------+--------+-----+--------+

Top non-repeatable levels by time:
     D:1: 1670 daAuts
     D:2: 681 daAuts
